 Dungeon Crawl Stone Soup version 0.31-a0-188-g5e087ee2ca (webtiles) character file.

Game seed: 8106368450599692425

331 qw the Skirmisher (level 6, -6/34 HPs)
             Began as a Deep Elf Hunter on June 23, 2023.
             Mangled by an ice beast (12 damage)
             ... on level 3 of the Dungeon.
             The game lasted 00:00:51 (1755 turns).

qw the Skirmisher (Deep Elf Hunter)                 Turns: 1755, Time: 00:00:51

Health: -6/34      AC:  6    Str: 10    XL:     6   Next: 26%
Magic:  8/8        EV:  9    Int: 19    God:
Gold:   126        SH:  0    Dex: 21    Spells: 5/5 levels left

rFire   x . .        Y - +0 shortbow
rCold   . . .        (shield currently unavailable)
rNeg    . . .        e - +0 scale mail
rPois   .            (no helmet)
rElec   .            (no cloak)
rCorr   .            (no gloves)
SInv    .            (no boots)
Will    .....        (no amulet)
Stlth   +            h - ring "Ryhuq" {Fly rF- Int+5 Dex+3}
HPRegen 0.25/turn    (no ring)
MPRegen 0.11/turn

%: no passive effects
@: flying
A: no striking features
a: no special abilities


You were on level 3 of the Dungeon.
You visited 1 branch of the dungeon, and saw 3 of its levels.

You collected 126 gold pieces.


   Skills:
 + Level 1.5 Fighting
 - Level 10.0 Ranged Weapons
 - Level 2.4 Dodging
 - Level 1.2 Stealth


You had 5 spell levels left.
You didn't know any spells.
Your spell library was empty.

Inventory:

Hand Weapons
 Y - a +0 shortbow (weapon)
Armour
 e - a +0 scale mail (worn)
 k - a +0 ring mail
Jewellery
 h - the ring "Ryhuq" (left hand) {Fly rF- Int+5 Dex+3}
   (You found it on level 2 of the Dungeon)

   [ring of flight]

   Int:       It affects your intelligence (+5).
   Dex:       It affects your dexterity (+3).
   rF:        It makes you vulnerable to fire.
   Fly:       It grants you flight.
Wands
 l - a wand of digging (5)
Scrolls
 j - a scroll of identify
Potions
 a - a potion of heal wounds {unknown}
 b - a potion of attraction {unknown}
 c - a potion of magic {unknown}
 d - a potion of mutation {unknown}
 f - a potion of haste {unknown}
 g - a potion of curing
 i - a potion of brilliance {unknown}
 m - a potion of might {unknown}

Dungeon Overview and Level Annotations

Branches:
Dungeon (3/15)

Altars:

Shops:
D:1 =


Message History

Enter note:
Enter note:
Enter note:
Enter note:
Enter note:
Enter note:
Enter note: You shoot an arrow.
The arrow hits the ice beast.
The ice beast is lightly wounded.
You shoot an arrow.
The arrow hits the ice beast but does no damage.
The ice beast is lightly wounded.
You shoot an arrow. The arrow barely misses the ice beast.
The ice beast hits you but does no damage.
You shoot an arrow.
The arrow hits the ice beast but does no damage.
The ice beast is lightly wounded.
The ice beast hits you but does no damage.
You shoot an arrow. The arrow barely misses the ice beast.
The ice beast hits you. The ice beast freezes you!
You shoot an arrow.
The arrow completely misses the ice beast.
The ice beast hits you but does no damage.
You shoot an arrow.
The arrow hits the ice beast but does no damage.
The ice beast is lightly wounded.
The ice beast barely misses you. The ice beast closely misses you.
You shoot an arrow. The arrow hits the ice beast.
The ice beast is moderately wounded.
The ice beast hits you but does no damage.
You shoot an arrow. The arrow closely misses the ice beast.
The ice beast hits you but does no damage.
You shoot an arrow. The arrow hits the ice beast!
The ice beast is heavily wounded.
The ice beast hits you. The ice beast freezes you!
You shoot an arrow.
The arrow hits the ice beast but does no damage.
The ice beast is heavily wounded.
The ice beast hits you. The ice beast freezes you!
You die...

### ########.#######
#......#.Y...... .#
#.####.#@# #.# #........#
#.# #######'##########.#
#####
...................###...#
....................##...#
....................##...#
......../...........##....
.........#......#...###...
......(..#...##.#...#.....


You could see an ice beast.

Vanquished Creatures
  Grinder (D:3)
  Ijyb (D:3)
  4 adders (D:3)
  3 worms
  2 dart slugs
  5 orcs (D:3)
  3 ball pythons
  5 endoplasms
  3 giant cockroaches
  6 hobgoblins
  4 jackals (D:1)
  A quokka (D:2)
  3 bats
  A frilled lizard (D:3)
  4 goblins
  4 kobolds
  4 rats
54 creatures vanquished.

Notes
Turn   | Place    | Note
-------+----------+-------------------------------------------
     0 | D:1      | qw the Deep Elf Hunter began the quest for the Orb.
     0 | D:1      | Reached XP level 1. HP: 12/12 MP: 3/3
     0 | D:1      | 0 ||| qw: Version: 0.3-a-9-g12657ce
     0 | D:1      | 0 ||| qw: Game counter: 3097
     0 | D:1      | 0 ||| qw: Always use a shield: true
     0 | D:1      | 0 ||| qw: God list: Okawaru
     0 | D:1      | 0 ||| qw: Allow faded altars: false
     0 | D:1      | 0 ||| qw: Do Orc after D:15 true
     0 | D:1      | 0 ||| qw: Do second Lair branch before Depths: true
     0 | D:1      | 0 ||| qw: Lair rune preference: random
     0 | D:1      | 0 ||| qw: Plans: Normal
     0 | D:1      | 0 ||| PLANNING D:1-11
    65 | D:1      | Found Ytucurop's Jewellery Emporium.
    78 | D:1      | 78 ||| SHOPLISTING +6 ring of strength (360 gold, have 5).
    78 | D:1      | 78 ||| SHOPLISTING amulet of reflection (300 gold, have 5).
    78 | D:1      | 78 ||| SHOPLISTING ring of ice (250 gold, have 5).
    78 | D:1      | 78 ||| SHOPLISTING ring of poison resistance (200 gold,
                  | have 5).
   152 | D:1      | Reached skill level 6 in Ranged Weapons
   152 | D:1      | Reached XP level 2. HP: 16/16 MP: 4/4
   642 | D:1      | 642 ||| UPGRADING to +0 scale mail.
   652 | D:1      | 652 ||| DROPPING +0 leather armour.
   653 | D:1      | 653 ||| READING scroll labelled IDACVEQAOKK.
   654 | D:1      | 654 ||| READING scroll labelled MUMMOE TOMMEU.
   655 | D:1      | 655 ||| READING scroll labelled ILLEBUI GURECW.
   660 | D:1      | 660 ||| READING scroll labelled HIEMMES RADU.
   661 | D:1      | 661 ||| DRINKING 2 fizzy dark potions.
   697 | D:1      | 697 ||| DROPPING scroll of butterflies.
   698 | D:1      | 698 ||| DROPPING potion of lignification.
   718 | D:2      | 718 ||| STAIRDANCE
   728 | D:2      | 728 ||| STAIRDANCE
   784 | D:2      | 784 ||| FLEEEEING.
   793 | D:2      | 793 ||| STAIRDANCE
   882 | D:2      | Reached XP level 3. HP: 20/20 MP: 5/5
   933 | D:2      | Identified the ring "Ryhuq" {Fly rF- Int+5 Dex+3}
  1158 | D:2      | 1158 ||| UPGRADING to ring "Ryhuq" {Fly rF- Int+5 Dex+3}.
  1159 | D:2      | 1159 ||| DROPPING ring of flight.
  1160 | D:2      | 1160 ||| DRINKING 2 green potions.
  1182 | D:3      | Reached skill level 7 in Ranged Weapons
  1270 | D:3      | Reached XP level 4. HP: 25/25 MP: 6/6
  1284 | D:3      | Noticed Ijyb
  1293 | D:3      | Killed Ijyb
  1368 | D:3      | Found a faded altar of an unknown god.
  1383 | D:3      | Reached skill level 8 in Ranged Weapons
  1631 | D:3      | Noticed Grinder
  1633 | D:3      | Paralysed by Grinder for 3 turns
  1638 | D:3      | HP: 6/25 [Grinder (2)]
  1640 | D:3      | Killed Grinder
  1641 | D:3      | Reached skill level 10 in Ranged Weapons
  1641 | D:3      | Reached XP level 5. HP: 8/29 MP: 7/7
  1641 | D:3      | Reached XP level 6. HP: 10/34 MP: 8/8
  1744 | D:3      | Noticed an ice beast
  1755 | D:3      | HP: 6/34 [ice beast (3)]
  1755 | D:3      | Mangled by an ice beast

Levels and vault maps discovered:
D:1:      saegor_arrival_simple_a, layout_basic, serial_shops,
          nicolae_shop_tiny_glass
D:2:      layout_rooms
D:3:      layout_basic, nemelex_dance_club_becter,
          shapermc_ecumenical_altar_rom_forum, uniq_grinder, uniq_ijyb

Skill      XL: |  1  2  3  4 |
---------------+-------------+-----
Ranged Weapons | 6 7 10 | 10.0
Fighting       | |  1.5
Dodging        | |  2.4
Stealth        | |  1.2

Action                     |  1- 3 |  4- 6 || total
---------------------------+-------+-------++-------
   Fire: Shortbow          |   104 |    67 ||   171
    Use: Scroll            |     4 |       ||     4
         Potion            |     2 |       ||     2
 Armour: Scale mail        |    21 |    14 ||    35
         Leather armour    |     1 |       ||     1
  Dodge: Dodged            |    16 |    23 ||    39

Table legend:
 A = Non-vault XP
 B = Vault XP
 C = Vault XP percentage of total XP
 D = Non-vault monster count
 E = Vault monster count
 F = Vault count percentage of total count
                 A         B        C        D         E       F
            +---------+---------+-------+---------+---------+-------
      Total |     155 |     319 |  67.3 |      52 |       2 |   3.7
            +---------+---------+-------+---------+---------+-------
        D:1 |      32 |       0 |   0.0 |      18 |       0 |   0.0
        D:2 |      22 |       0 |   0.0 |      11 |       0 |   0.0
        D:3 |     101 |     319 |  76.0 |      23 |       2 |   8.0
            +---------+---------+-------+---------+---------+-------
